 Dungeon Crawl Stone Soup version 0.31-a0-876-gfe8ebadbca (webtiles) character file.

Game seed: 14519923915603655821

93 LeprechaunX the Changeling (level 4, -1/29 HPs)
             Began as an Octopode Shapeshifter on Oct 13, 2023.
             Slain by an ogre
             ... wielding a +0 giant club
              (30 damage)
             ... on level 3 of the Dungeon.
             The game lasted 00:01:47 (2017 turns).

LeprechaunX the Changeling (Octopode Shapeshifter)  Turns: 2017, Time: 00:01:47

Health: -1/29      AC:  1    Str: 15    XL:     4   Next: 61%
Magic:  4/4        EV: 13    Int: 12    God:
Gold:   151        SH:  5    Dex: 11    Spells: 1/3 levels left

rFire   . .          .
                       - Unarmed
rCold   . . .        (no shield)
rNeg    . . .        (helmet currently unavailable)
rPois   .            n - amulet of reflection
rElec   .            (no ring)
rCorr   .            (no ring)
SInv    .            (no ring)
Will    .....        (no ring)
Stlth   ++           (no ring)
HPRegen 0.24/turn    (no ring)
MPRegen 0.09/turn    (no ring)
                     (no ring)

%: reflection
@: beast-form
A: beast (slay +2), almost no armour, amphibious, 8 rings, camouflage 1,
gelatinous body 1, (nimble swimmer 1), tentacles
a: Begin Untransformation


You were on level 3 of the Dungeon.
You were a hulking beast.
You visited 1 branch of the dungeon, and saw 3 of its levels.

You collected 151 gold pieces.

Inventory:

Missiles
 i - 4 silver javelins (quivered)
Jewellery
 n - an amulet of reflection (around mantle)
Talismans
 b - a beast talisman (active)
 c - a flux talisman
Scrolls
 d - 2 scrolls of vulnerability {unknown}
 e - a scroll of poison {unknown}
 f - 4 scrolls of identify {unknown}
 h - a scroll of teleportation {unknown}
 k - 3 scrolls of fog {unknown}
 l - a scroll of enchant weapon {unknown}
 m - a scroll of fear {unknown}
 p - a scroll of blinking {unknown}
Potions
 a - 2 potions of lignification
 g - 2 potions of heal wounds {unknown}
 j - a potion of brilliance {unknown}
 o - a potion of attraction {unknown}


   Skills:
 + Level 1.9 Fighting
 * Level 2.8 Dodging
 + Level 3.4 Unarmed Combat
 + Level 0.0 Spellcasting
 + Level 0.2 Translocations
 * Level 3.8 Shapeshifting


You had one spell level left.
You knew the following spells:

 Your Spells              Type           Power      Damage    Failure   Level
a - Blink                 Tloc           0%         N/A       41%         2

Your spell library contained the following spells:

 Spells                   Type           Power      Damage    Failure   Level
 Wereblood                Tmut           0%         N/A       45%         2
 Manifold Assault         Tloc           0%         N/A       96%         4
 Irradiate                Conj/Tmut      0%         3d11      100%        5


Dungeon Overview and Level Annotations

Branches:
Dungeon (3/15)

Altars:
Okawaru

Annotations:
D:3 1 runed translucent door, Crazy Yiuf


Innate Abilities, Weirdness & Mutations

You are a hulking beast.
Your limbs bulge with bestial killing power. (Slay +2)
You cannot wear most types of armour.
You are amphibious.
You can wear up to eight rings at the same time.
Your skin changes colour to match your surroundings (Stealth+).
Your rubbery body absorbs attacks. (AC +1, EV +1)
((You are camouflaged when in or above water. (Stealth+)))
You have tentacles for arms and can constrict up to eight enemies at once.


Message History

You see here a giant cockroach corpse.
Found a glowing ring mail.
Found a dagger.
A kobold comes into view. It is wielding a +0 dagger.
A kobold is nearby!
A bat comes into view.
The kobold shouts!
The bat hits you but does no damage.
You barely miss the kobold. You grab the kobold.
You squeeze the kobold, but do no damage.
You constrict the kobold. You block the bat's attack.
You block the kobold's attack.
You tentacle-slap the kobold.
You kill the kobold!
You block the bat's attack. The bat completely misses you.
You block the bat's attack.
You tentacle-slap the bat. Your grab misses the bat.
The bat is moderately wounded.
The bat barely misses you. You block the bat's attack.
You tentacle-slap the bat.
You kill the bat!
No target in view!
No target in view!
No target in view!
No target in view!
Found an iron altar of Okawaru.
Found a stone staircase leading down.
You now have 129 gold pieces (gained 10).
You now have 144 gold pieces (gained 15).
p - a scroll labelled QOCAOM SAD YTT You now have 151 gold pieces (gained 7).
You open the door.
An ogre comes into view. It is wielding a +0 giant club.
The ogre shouts!
There is an open door here.
You barely miss the ogre.
The ogre hits you with a +0 giant club!!
Ouch! That really hurt!
You die...

########.#
#.##<#.##.###..##
#.#######.#............#
#.##....#.#.##.##.###..#
..##....#.#.##.##.# #..##
..##....#.#.##.##.###†...
..##....#...##.....##..##
.##....#####......)...##
.......#####.#.#.....###
.......h.......#..#..###
.##...O#####.###........
#.... #.# ##.##..#. #....
#.# #.##.... #.. ..######
#.# #.##.##. ###..##
..###### #.####+##.##.
...... ...
..######.##....# #. #...#
#.# #.#............# #. #
#...###.#
##.#.####.##.†..# #.


You could see an ogre.

Vanquished Creatures
  A gnoll (D:1)
  3 adders (D:2)
  A worm (D:2)
  2 dart slugs (D:2)
  7 bats
  5 endoplasms
  2 giant cockroaches
  3 goblins
  4 hobgoblins
  2 quokkas (D:1)
  6 ball pythons
  3 frilled lizards
  5 kobolds
  2 rats
46 creatures vanquished.

Notes
Turn   | Place    | Note
-------+----------+-------------------------------------------
     0 | D:1      | LeprechaunX the Octopode Shapeshifter began the quest for
                  | the Orb.
     0 | D:1      | Reached XP level 1. HP: 13/13 MP: 1/1
   201 | D:1      | Reached XP level 2. HP: 14/18 MP: 2/2
   858 | D:1      | Reached XP level 3. HP: 23/23 MP: 3/3
  1201 | D:2      | Reached XP level 4. HP: 29/29 MP: 4/4
  1576 | D:2      | Learned a level 2 spell: Blink
  1819 | D:3      | Found a runed translucent door.
  1825 | D:3      | Noticed Crazy Yiuf
  1898 | D:3      | Found an iron altar of Okawaru.
  2016 | D:3      | Noticed an ogre
  2017 | D:3      | Slain by an ogre

Illustrated notes

Levels and vault maps discovered:
D:1:      amcnicky_arrival_gap_in_the_tavern_cellar, layout_basic
D:2:      layout_rooms
D:3:      layout_basic, okawaru_metal_pillars_1_2, uniq_crazy_yiuf_cottage

Action                     |  1- 3 |  4- 6 || total
---------------------------+-------+-------++-------
  Melee: Unarmed           |    50 |    28 ||    78
         Constrict         |    12 |     7 ||    19
         Tentacles         |    12 |     5 ||    17
   Stab: Sleeping          |     3 |     5 ||     8
 Armour: Skin              |    17 |    14 ||    31
  Dodge: Dodged            |    31 |     6 ||    37
  Block: Other             |       |     5 ||     5

Table legend: (Time is in decaauts)
 A = Elapsed time spent in this place.
 B = Non-inter-level travel time spent in this place.
 C = Inter-level travel time spent in this place.
 D = Time resting spent in this place.
 E = Time spent auto-exploring this place.
 F = Levels seen in this place.
 G = Mean time per level.
                   A        B        C        D        E       F      G
               +--------+--------+--------+--------+--------+-----+--------+
         Total |   2012 |   1980 |     32 |    109 |   1580 |   3 |  670.7 |
       Dungeon |   2012 |   1980 |     32 |    109 |   1580 |   3 |  670.7 |
               +--------+--------+--------+--------+--------+-----+--------+

Top non-repeatable levels by time:
     D:1: 974 daAuts
     D:2: 601 daAuts
     D:3: 436 daAuts
